 Dungeon Crawl Stone Soup version 0.29.1-15-g9cfb28693d (webtiles) character file.

Game seed: 780953951055862340

174172 MacCMillion the Wrestler (level 17, -7/178 HPs)
             Began as a Troll Fighter on Feb 23, 2023.
             Was the Champion of Wu Jian.
             Killed from afar by a will-o-the-wisp (18 damage)
             ... with a foxfire
             ... on level 1 of the Swamp.
             The game lasted 01:34:20 (30578 turns).

MacCMillion the Wrestler (Troll Fighter)           Turns: 30578, Time: 01:34:21

Health: -7/178     AC:  7    Str: 35    XL:     17   Next: 44%
Magic:  19/19      EV: 11    Int: 10    God:    Wu Jian [******]
Gold:   1843       SH: 11    Dex:  9    Spells: 14/20 levels left

rFire   . . .      SeeInvis +     - Unarmed
rCold   + + +      Faith    .   b - +0 kite shield
rNeg    + . .      Spirit   .   U - +4 skin of Zhor {*Englaciate rC+++ SInv}
rPois   .          Reflect  .   E - +0 hat
rElec   .          Harm     .   C - +2 cloak
rCorr   .          Rampage  .   (gloves unavailable)
Will    +....                   (boots unavailable)
Stlth   ..........              l - amulet of regeneration
HPRegen 1.99/turn               s - ring of the Archfiend {Fly rC+ rN+ Str+7 Stlth-}
MPRegen 0.16/turn               W - +4 ring of protection

@: about to teleport, corroded, flying, studying Shields
A: large, unfitting armour, claws 3, regeneration 1, shaggy fur 1, tough skin 1
a: Renounce Religion, Wall Jump, Serpent's Lash, Heavenly Storm


You were on level 1 of the Swamp.
You worshipped Wu Jian.
Wu Jian was exalted by your worship.
You visited 5 branches of the dungeon, and saw 26 of its levels.
You also visited: Ossuary, Gauntlet and Ice Cave.

You collected 2768 gold pieces.
You spent 925 gold pieces at shops.

Inventory:

Missiles
 f - 34 poisoned darts (quivered)
 D - 7 javelins
 G - 6 curare-tipped darts
 X - 19 large rocks
Armour
 b - a +0 kite shield (worn)
 C - a +2 cloak (worn)
 E - a +0 hat (worn)
 R - a scarf of shadows
 U - the +4 skin of Zhor (worn) {*Englaciate rC+++ SInv}
   (You found it in an ice cave)

   It radiates cold, occasionally slowing all nearby creatures who are not
   resistant to cold.
   rC:        It renders you almost immune to cold.
   SInv:      It lets you see invisible.
Jewellery
 j - a ring of poison resistance
 l - an amulet of regeneration (around neck)
 o - the ring of Qerudwa {Fly rElec Int-4 Dex+5}
   (You found it in a Gauntlet)

   [ring of flight]

   Int:       It affects your intelligence (-4).
   Dex:       It affects your dexterity (+5).
   rElec:     It insulates you from electricity.
   Fly:       It grants you flight.
 s - the ring of the Archfiend (left claw) {Fly rC+ rN+ Str+7 Stlth-}
   (You acquired it on level 6 of the Dungeon)

   [ring of protection from cold]

   Str:       It affects your strength (+7).
   rC:        It protects you from cold.
   rN:        It protects you from negative energy.
   Fly:       It grants you flight.
   Stlth:     It makes you less stealthy.
 x - a ring of positive energy
 J - a ring of fire
 W - a +4 ring of protection (right claw)
Wands
 y - a wand of iceblast (27)
 z - a wand of flame (102)
 I - a wand of mindburst (9)
 N - a wand of digging (1)
 P - a wand of polymorph (18)
 V - a wand of light (5)
Scrolls
 d - 8 scrolls of fear
 i - 3 scrolls of torment
 n - 6 scrolls of teleportation
 r - a scroll of magic mapping
 t - a scroll of silence
 A - 4 scrolls of vulnerability
 B - 6 scrolls of blinking
 F - a scroll of immolation
 L - 5 scrolls of enchant armour
 M - 2 scrolls of fog
 O - 2 scrolls of amnesia
 Z - 2 scrolls of poison
Potions
 a - 2 potions of lignification
 c - 2 potions of resistance
 e - 7 potions of mutation
 g - 5 potions of haste
 h - 5 potions of flight
 m - 6 potions of magic
 q - 5 potions of heal wounds
 u - 13 potions of curing
 v - 5 potions of cancellation
 w - 3 potions of might
 H - 2 potions of invisibility
 K - 2 potions of berserk rage
 Q - 2 potions of attraction
 S - 5 potions of brilliance
 Y - 2 potions of ambrosia
Miscellaneous
 k - a phantom mirror
 p - a phial of floods
 T - a lightning rod (4/4)


   Skills:
 - Level 13.3 Fighting
 - Level 10.1 Dodging
 - Level 13.3 Shields
 - Level 21.2 Unarmed Combat
 + Level 2.1 Spellcasting
 + Level 2.6 Transmutations
 + Level 3.2 Earth Magic


You had 14 spell levels left.
You knew the following spells:

 Your Spells              Type           Power      Damage    Failure   Level
a - Statue Form           Tmut/Erth      4%         N/A       100%        6

Your spell library contained the following spells:

 Spells                   Type           Power      Damage    Failure   Level
 Apportation              Tloc           2%         N/A       45%         1
 Foxfire                  Conj/Fire      4%         2x1d4     45%         1
 Necrotise                Necr           4%         1d4       45%         1
 Shock                    Conj/Air       4%         1d3       45%         1
 Ensorcelled Hibernation  Hex/Ice        2%         N/A       58%         2
 Scorch                   Fire           2%         2d5       58%         2
 Static Discharge         Conj/Air       1%         3-4/arc   58%         2
 Sublimation of Blood     Necr           1%         N/A       58%         2
 Spider Form              Tmut/Pois      3%         N/A       65%         3
 Petrify                  Tmut/Erth      7%         N/A       82%         4
 Conjure Flame            Conj/Fire      1%         6-21      83%         3
 Inner Flame              Hex/Fire       1%         N/A       83%         3
 Portal Projectile        Hex/Tloc       2%         N/A       83%         3
 Swiftness                Air            1%         N/A       83%         3
 Tukima's Dance           Hex            1%         N/A       83%         3
 Vampiric Draining        Necr           1%         2d6       83%         3
 Leda's Liquefaction      Hex/Erth       2%         N/A       94%         4
 Lee's Rapid Deconstruct  Erth           3%         3d6*      98%         5
 Airstrike                Air            0%         2d(1-17)  99%         4
 Anguish                  Hex/Necr       0%         N/A       99%         4
 Cause Fear               Hex            0%         N/A       99%         4
 Flame Wave               Conj/Fire      1%         2d4       99%         4
 Fulminant Prism          Conj/Hex       0%         3d6       99%         4
 Hailstorm                Conj/Ice       1%         3d3       99%         4
 Iskenderun's Mystic Bla  Conj/Tloc      1%         2d3       99%         4
 Summon Ice Beast         Ice/Summ       1%         N/A       99%         4
 Blade Hands              Tmut           3%         N/A       99%         5
 Agony                    Necr           1%         N/A       100%        5
 Alistair's Intoxication  Tmut/Pois      2%         N/A       100%        5
 Freezing Cloud           Conj/Ice/Air   0%         6-21      100%        5
 Irradiate                Conj/Tmut      1%         3d12      100%        5
 Iskenderun's Battlesphe  Conj           1%         2d6       100%        5
 Iron Shot                Conj/Erth      2%         9d2       100%        6
 Simulacrum               Ice/Necr       0%         N/A       100%        6
 Summon Cactus Giant      Summ           0%         N/A       100%        6
 Dragon Form              Tmut           3%         N/A       100%        7
 Ozocubu's Refrigeration  Ice            0%         4d7       100%        7
 Spellforged Servitor     Conj/Summ      0%         N/A       100%        7
 Chain Lightning          Conj/Air       0%         2d1       100%        9
 Dragon's Call            Summ           0%         N/A       100%        9
 Fire Storm               Conj/Fire      0%         6d1       100%        9
 Polar Vortex             Ice            0%         N/A       100%        9
 Shatter                  Erth           3%         3d7*      100%        9


Dungeon Overview and Level Annotations

Branches:
Dungeon (15/15)            Temple (1/1) D:4            Lair (5/5) D:9
  Swamp (2/4) Lair:2       Spider (3/4) Lair:2        Slime (0/5) Lair:5
    Orc (0/2) D:11         Vaults (0/5) D:14         Depths (0/4) D:15
Ossuary (visited)           IceCv (visited)         Gauntlet (visited)

Altars:
Ashenzari
Cheibriados
Dithmenos
Elyvilon
Fedhas
Gozag
Hepliaklqana
Kikubaaqudgha
Makhleb
Nemelex Xobeh
Okawaru
Qazlal
Ru
Sif Muna
Trog
Uskayaw
Vehumet
Wu Jian
Xom
Yredelemnul
Zin
The Shining One

Shops:
D:2 !   D:5 =   D:6 (*   D:11 ?   D:15 =(=(

Annotations:
D:4 2 runed translucent doors
Lair:2 2 transporters, Tali's ghost, journeyman DsBe
Lair:5 exclusion: obsidian statue


Innate Abilities, Weirdness & Mutations

You are too large for most types of armour.
You have claws for hands.
Your natural rate of healing is unusually fast.
You are covered in fur. (AC +1)
You have tough skin. (AC +1)


Message History

The goliath frog hits you!
You are splashed with acid!
The will-o-the-wisp gestures.
The will-o-the-wisp conjures some foxfire!
The goliath frog hits you! The acid corrodes you!
You are splashed with acid!
You block the alligator's attack. x2 2 foxfires come into view.
You scratch the goliath frog but do no damage.
You miss the goliath frog. The goliath frog hits you!
You are splashed with acid!
The alligator puts on a burst of speed!
As you read the scroll of teleportation, it crumbles to dust.
You feel strangely unstable. The foxfire hits you!! The foxfire hits you!
The goliath frog hits you!!
You are splashed with acid.
The alligator bites you. The alligator tail-slaps you.
* * * LOW HITPOINT WARNING * * *
You eviscerate the goliath frog!!!
The goliath frog is almost dead.
The goliath frog hits you!
* * * LOW HITPOINT WARNING * * *
The acid corrodes you!
You are splashed with acid.
* * * LOW HITPOINT WARNING * * *
The alligator bites you but does no damage.
The alligator tail-slaps you.
* * * LOW HITPOINT WARNING * * *
Unknown command.
You spin and attack the alligator.
You mangle the alligator!!
The alligator is heavily wounded.
You are engulfed in a cloud of scalding steam.
* * * LOW HITPOINT WARNING * * *
The goliath frog barely misses you. You block the alligator's attack.
The alligator tail-slaps you but does no damage.
The will-o-the-wisp gestures.
The will-o-the-wisp conjures some foxfire! 2 foxfires come into view.
The foxfire hits you!!
* * * LOW HITPOINT WARNING * * *
The alligator bites you.
* * * LOW HITPOINT WARNING * * *
The alligator tail-slaps you but does no damage.
The goliath frog barely misses you. The foxfire hits you!!
You die...

.... ........#...~......
....######..+#.#...~~~~.♣♣
~................~.~~♣♣♣♣♣
♣..~.F...........~...♣♣ ♣♣
~.......~..~§.~♣.♣~§.~♣ ♣~
♣~~~w.♣~.[~.§~...~♣♣♣♣♣♣
♣♣~.F~~.~.~..§~..§.♣.♣♣
§~~♣~§§.§t~~.§..§♣..~.~..♣
...~~v.§§@♣...~.~..~..♣§♣♣
§..~§§§§v~...~.§...~~..♣♣
.....~~.§....~§§.~.♣~§♣♣
.♣~♣..~.....~....~.....♣♣
.~~~♣♣.♣..~.~.~..~~.....♣
.♣.♣ ♣♣♣♣~.~..♣.....~..♣♣
♣♣ ♣~~~~~...~~~♣.~.♣♣
♣♣~♣.♣.♣♣..~.~~~.♣
♣♣♣♣♣♣♣.~...~..♣♣


You could see an alligator (swift), a tyrant leech, 2 goliath frogs and a
will-o-the-wisp.

Vanquished Creatures
  Asterion (Spider:1)
  Gastronok (D:11)
  Kirke (Spider:1)
  A fire giant (shapeshifter) (D:15)
  3 emperor scorpions
  3 ghost moths
  A reaper (IceCv)
  3 dire elephants (Lair:5)
  A minotaur (Gauntlet)
  4 entropy weavers
  An eleionoma (Swamp:2)
  2 spark wasps
  An ettin (D:15)
  Josephine (Spider:1)
  Erolcha (D:11)
  A rakshasa (D:13)
  3 boulder beetles
  9 hydras
  2 jorogumos (Spider:3)
  2 alligators
  7 two-headed ogres
  6 centaur warriors
  2 radroaches (Spider:1)
  4 tengu warriors
  The ghost of vvl the Geomancer, a novice DsEE of Kikubaaqudgha (D:7)
  A spectral dire elephant (Lair:5)
  Sonja (D:11)
  2 sun demons
  A wretched star (Gauntlet)
  3 pharaoh ants
  3 spectral death yaks (Lair:5)
  The ghost of 4FPSwarrior the Trooper, a novice DsGl of Qazlal (D:7)
  3 skeletal warriors (D:15)
  A spectral anaconda (Lair:5)
  3 steelbarb worms
  2 deep trolls
  5 orb spiders
  2 deep elf pyromancers
  A deep elf archer (D:14)
  The ghost of EarthwalkerPL the Trooper, a novice MiFi (D:7)
  Pikel (D:4)
  A wizard (D:15)
  2 phantasmal warriors (D:15)
  A harpy (shapeshifter) (D:14)
  4 necromancers
  An orc knight (D:14)
  4 wolf spiders
  The ghost of ripuliukko the Geomancer, a novice GrEE of Vehumet (D:7)
  3 deep elf zephyrmancers (D:14)
  A manticore (D:15)
  A will-o-the-wisp (Swamp:1)
  22 ugly things
  4 moths of wrath
  12 elephants
  6 cyclopes
  7 black mambas
  A black mamba (shapeshifter) (Spider:3)
  The ghost of Anriel the Ducker, a novice DEHW (D:7)
  2 orange demons (D:12)
  An ice statue (IceCv)
  A gargoyle (D:12)
  11 cane toads
  4 yaktaurs (D:14)
  4 torpor snails
  2 kobold demonologists (D:13)
  2 freezing wraiths
  5 unseen horrors
  6 demonic crawlers
  3 dire elephant skeletons (Lair:5)
  5 rime drakes
  Psyche (D:8)
  12 komodo dragons
  4 tengu conjurers
  A hellwing (D:11)
  A hornet (Swamp:2)
  9 polar bears
  3 trolls
  6 meliai
  2 tyrant leeches (Swamp:1)
  9 slime creatures
  7 blink frogs
  4 tarantellas
  A spectral elephant (Lair:5)
  21 dream sheep
  4 culicivoras (Spider:1)
  A vampire (D:10)
  8 jumping spiders
  Sigmund (D:6)
  2 dire elephant simulacra
  5 shadows
  12 wraiths
  A spriggan (Swamp:2)
  40 yaks
  Eustachio (D:5)
  A ynoxinul (D:12)
  2 wyverns
  4 basilisks
  4 chaos spawn
  3 neqoxecs
  6 hogs (Spider:1)
  4 steam dragons
  3 death yak simulacra
  24 redbacks
  7 vampire mosquitoes
  3 spectral cane toads (Lair:5)
  A two-headed ogre zombie (D:11)
  Edmund (D:6)
  4 swamp worms
  An acid dragon (D:10)
  19 water moccasins
  An ice beast (D:7)
  5 orc warriors
  3 elephant zombies (Lair:5)
  4 sky beasts
  A black bear (D:6)
  An ogre (D:6)
  14 wolves
  17 centaurs
  2 phantoms
  2 elephant skeletons (Lair:5)
  A kobold brigand (D:9)
  3 elf zombies (Ossuary)
  13 bullfrogs
  Blork the orc (D:5)
  3 gnoll sergeants (D:10)
  7 cane toad simulacra
  5 scorpions
  4 two-headed ogre simulacra (IceCv)
  3 elephant simulacra
  6 killer bees (D:11)
  4 howler monkeys
  An electric eel (Lair:2)
  5 quasits (D:12)
  A human zombie (Ossuary)
  3 hounds (D:5)
  A centaur zombie (Ossuary)
  A gnoll bouda (D:7)
  3 jellies
  7 orc priests
  Ijyb (D:5)
  7 orc wizards
  4 iguanas
  2 polar bear simulacra (IceCv)
  10 hell rats
  6 spriggan simulacra (IceCv)
  6 troll simulacra (IceCv)
  5 wolf simulacra (IceCv)
  7 ogre zombies (D:11)
  A hound zombie (Ossuary)
  The ghost of ripuliukko the Digger, a weakling GrEE (D:4)
  4 mummies
  10 gnolls
  5 naga simulacra (IceCv)
  9 adders
  6 river rats (Lair:4)
  A shadow imp (D:6)
  7 white imps
  4 ufetubi
  5 adder zombies (Ossuary)
  A worm (D:2)
  37 orcs
  3 ball pythons
  6 endoplasms
  2 giant cockroaches (D:1)
  A gnoll zombie (Ossuary)
  7 goblins
  5 hobgoblins
  6 quokkas
  7 bats
  2 frilled lizards (D:1)
  2 goblin skeletons (D:11)
  5 goblin zombies
  3 hobgoblin skeletons (D:11)
  8 hobgoblin zombies
  7 jackal zombies (Ossuary)
  10 kobolds
  4 kobold zombies (Ossuary)
  An orc skeleton (D:11)
  13 orc zombies (D:11)
  2 quokka zombies (Ossuary)
  11 rats
  3 rat zombies (Ossuary)
823 creatures vanquished.

Vanquished Creatures (others)
  A bloated husk (Swamp:1)
  A spectral cane toad (Lair:5)
  9 foxfires (Swamp:1)
  31 fungi
  16 plants
  18 withered plants
76 creatures vanquished.

Grand Total: 899 creatures vanquished

Notes
Turn   | Place    | Note
-------+----------+-------------------------------------------
     0 | D:1      | MacCMillion the Troll Fighter began the quest for the Orb.
     0 | D:1      | Reached XP level 1. HP: 22/22 MP: 0/0
    84 | D:1      | Reached XP level 2. HP: 29/29 MP: 1/1
   152 | D:1      | Found a faded altar of an unknown god.
   716 | D:2      | Reached XP level 3. HP: 36/36 MP: 2/2
   727 | D:2      | Found Jugoycse's Distillery.
   916 | D:2      | Reached skill level 3 in Unarmed Combat
  1328 | D:3      | Reached XP level 4. HP: 42/44 MP: 3/3
  1867 | D:4      | Found a runed translucent gate.
  1870 | D:4      | Found a runed translucent gate.
  1870 | D:4      | Noticed ripuliukko's ghost (weakling GrEE)
  1872 | D:4      | Found a runed translucent gate.
  1875 | D:4      | Identified the +7 mace of the Forsaken Artists {vorpal,
                  | Dex+6}
  1875 | D:4      | Identified the +2 leather armour of Defiance {rF+ Regen+
                  | Int+2 Dex+3}
  2031 | D:4      | Found a bloodstained altar of Trog.
  2038 | D:4      | Reached XP level 5. HP: 41/53 MP: 4/4
  2048 | D:4      | Found a burning altar of Makhleb.
  2086 | D:4      | Reached skill level 4 in Unarmed Combat
  2202 | D:4      | Found a large runed translucent door.
  2202 | D:4      | Found a large runed translucent door.
  2204 | D:4      | Found a shimmering altar of Xom.
  2265 | D:4      | Found a staircase to the Ecumenical Temple.
  2325 | Temple   | Entered the Ecumenical Temple
  2332 | Temple   | Became a worshipper of the Wu Jian Council
  2955 | D:5      | Entered Level 5 of the Dungeon
  3043 | D:5      | Reached XP level 6. HP: 61/61 MP: 5/5
  3067 | D:5      | Noticed Eustachio
  3080 | D:5      | Reached skill level 5 in Unarmed Combat
  3093 | D:5      | Killed Eustachio
  3099 | D:5      | Reached XP level 7. HP: 6/68 MP: 6/6
  3171 | D:5      | Found a sand-covered staircase.
  3178 | Ossuary  | Entered an ossuary
  3195 | Ossuary  | Reached * piety under Wu Jian
  3241 | Ossuary  | Reached skill level 6 in Unarmed Combat
  3578 | D:5      | Noticed Ijyb
  3590 | D:5      | Killed Ijyb
  3590 | D:5      | Reached ** piety under Wu Jian
  3605 | D:5      | Noticed Blork the orc
  3611 | D:5      | Killed Blork the orc
  3612 | D:5      | Reached XP level 8. HP: 67/79 MP: 7/7
  3712 | D:5      | Noticed Pikel
  3752 | D:4      | Killed Pikel
  3753 | D:4      | Reached skill level 5 in Fighting
  3753 | D:4      | Reached skill level 5 in Shields
  3753 | D:4      | Reached skill level 7 in Unarmed Combat
  3780 | D:5      | Found Vont's Jewellery Boutique.
  4142 | D:5      | Reached skill level 8 in Unarmed Combat
  4371 | D:6      | Found Realon's Retail Resort.
  4443 | D:6      | Noticed Sigmund
  4907 | D:6      | Noticed Edmund
  4910 | D:6      | Reached XP level 9. HP: 82/88 MP: 8/8
  4918 | D:6      | Killed Edmund
  4929 | D:6      | Found Orienugg's Firing Range.
  5147 | D:7      | Reached skill level 9 in Unarmed Combat
  5831 | D:7      | Found a runed translucent gate.
  5831 | D:7      | Found a runed translucent gate.
  5831 | D:7      | Noticed ripuliukko's ghost (novice GrEE)
  5832 | D:7      | Found a runed translucent gate.
  5832 | D:7      | Noticed vvl's ghost (novice DsEE)
  5832 | D:7      | Noticed EarthwalkerPL's ghost (novice MiFi)
  5833 | D:7      | Noticed 4FPSwarrior's ghost (novice DsGl)
  5833 | D:7      | Noticed Anriel's ghost (novice DEHW)
  6264 | D:8      | Noticed Psyche
  6439 | D:8      | Killed Psyche
  6550 | D:8      | Reached skill level 10 in Unarmed Combat
  6752 | D:8      | Found a white marble altar of Elyvilon.
  6764 | D:8      | Identified the +7 sling of Spores {venom, rN+}
  6915 | D:8      | Found a glowing silver altar of Zin.
  7129 | D:9      | Found a shimmering altar of Xom.
  7133 | D:9      | Reached *** piety under Wu Jian
  7203 | D:9      | Reached XP level 10. HP: 100/100 MP: 9/9
  7204 | D:9      | Found a staircase to the Lair.
  7210 | D:9      | Noticed a two-headed ogre
  7879 | D:9      | Killed a two-headed ogre
  7880 | D:9      | Reached skill level 11 in Unarmed Combat
  8079 | D:9      | Found a shimmering altar of Xom.
  8335 | D:9      | Found a staircase to the Lair.
  8412 | D:10     | Entered Level 10 of the Dungeon
  8536 | D:10     | Noticed a two-headed ogre
  8543 | D:10     | Killed a two-headed ogre
  8735 | D:10     | Noticed a two-headed ogre
  8735 | D:10     | Noticed a two-headed ogre
  8736 | D:10     | Noticed a centaur warrior
  8865 | Lair:1   | Entered Level 1 of the Lair of Beasts
  8876 | Lair:1   | Noticed an elephant
  8879 | Lair:1   | Noticed an elephant
  8879 | Lair:1   | Noticed an elephant
  8880 | Lair:1   | Noticed an elephant
  8880 | Lair:1   | Noticed an elephant
  8893 | Lair:1   | Killed an elephant
  8894 | Lair:1   | Reached skill level 12 in Unarmed Combat
  8899 | Lair:1   | Killed an elephant
  8902 | Lair:1   | Killed an elephant
  8906 | Lair:1   | Killed an elephant
  8907 | Lair:1   | Reached XP level 11. HP: 73/109 MP: 10/10
  9275 | Lair:1   | Reached skill level 13 in Unarmed Combat
  9363 | Lair:1   | Reached **** piety under Wu Jian
  9856 | Lair:2   | Found a transporter.
 10064 | Lair:2   | Found a staircase to the Swamp.
 10329 | Lair:2   | Reached XP level 12. HP: 110/122 MP: 11/11
 10344 | Lair:2   | Identified the amulet "Deskub" {Harm Fragile Regen+ Str+4}
 10346 | Lair:2   | Found a hole to the Spider Nest.
 10445 | Lair:2   | Found a transporter.
 10470 | Lair:2   | Noticed a rakshasa
 10512 | Lair:2   | Noticed Tali's ghost (journeyman DsBe)
 10512 | Lair:2   | You fall into a shaft and drop 1 floor!
 10613 | Lair:3   | Reached skill level 5 in Dodging
 10640 | Lair:3   | Noticed a six-headed hydra
 10652 | Lair:3   | Killed a seven-headed hydra
 10911 | Lair:3   | Found a frozen archway.
 10924 | Lair:3   | Reached skill level 14 in Unarmed Combat
 10960 | IceCv    | Entered an ice cave
 11047 | IceCv    | Found the +4 skin of Zhor {*Englaciate rC+++ SInv}
 11458 | IceCv    | Reached ***** piety under Wu Jian
 11745 | IceCv    | Noticed a reaper
 11773 | IceCv    | Killed a reaper
 11842 | IceCv    | Got the Folio of Cold
 11850 | IceCv    | Identified the +3 ring mail of the Earth {rCorr Str+2
                  | Int+2}
 12175 | Lair:3   | Identified the +5 trident of Valour {vorpal, rElec Str+4
                  | Dex+2}
 12626 | Lair:4   | Noticed a six-headed hydra
 12828 | Lair:4   | Killed a seven-headed hydra
 12828 | Lair:4   | Reached skill level 10 in Shields
 12958 | Lair:4   | Reached XP level 13. HP: 122/131 MP: 12/12
 13451 | Lair:4   | Identified the +6 dagger "Nirueleq" {protect, rF- Will+
                  | Int+4 SInv}
 13756 | Lair:5   | Entered Level 5 of the Lair of Beasts
 13765 | Lair:5   | Reached skill level 15 in Unarmed Combat
 14096 | Lair:5   | Noticed a dire elephant
 14096 | Lair:5   | Noticed a dire elephant
 14098 | Lair:5   | Noticed a dire elephant
 14481 | Lair:4   | Reached ****** piety under Wu Jian
 14621 | Lair:5   | Found a staircase to the Slime Pits.
 15232 | Lair:5   | Reached skill level 10 in Fighting
 15395 | Lair:5   | Reached skill level 16 in Unarmed Combat
 15449 | Lair:5   | Reached XP level 14. HP: 103/141 MP: 13/13
 16199 | Lair:5   | Got the Lessons on the Barrage
 17428 | D:11     | Found Ecilerph's Magic Scroll Boutique.
 17437 | D:11     | Bought a scroll of blinking for 135 gold pieces
 17758 | D:2      | Bought a potion of experience for 550 gold pieces
 17760 | D:2      | Reached skill level 10 in Dodging
 17760 | D:2      | Reached XP level 15. HP: 152/152 MP: 14/14
 17907 | D:6      | Killed Sigmund
 18031 | D:6      | Identified 3 scrolls of acquirement
 18031 | D:6      | Acquired the ring of the Archfiend {Fly rC+ rN+ Str+7
                  | Stlth-}
 18094 | D:7      | Killed vvl's ghost
 18102 | D:7      | Killed 4FPSwarrior's ghost
 18107 | D:7      | Killed ripuliukko's ghost
 18111 | D:7      | Killed EarthwalkerPL's ghost
 18112 | D:7      | Reached skill level 17 in Unarmed Combat
 18115 | D:7      | Killed Anriel's ghost
 18203 | D:4      | Killed ripuliukko's ghost
 18547 | D:11     | Noticed Sonja
 18715 | D:11     | Killed Sonja
 18940 | D:11     | Noticed Gastronok
 18970 | D:11     | Killed Gastronok
 18980 | D:11     | Acquired a manual of Unarmed Combat
 18982 | D:11     | Acquired 652 gold pieces
 19007 | D:11     | Found a staircase to the Orcish Mines.
 19317 | D:11     | Noticed Erolcha
 19335 | D:11     | Killed Erolcha
 19812 | D:12     | Found a gate leading to a gauntlet.
 19827 | Gauntlet | Entered a Gauntlet
 19827 | Gauntlet | Found a transporter.
 19837 | Gauntlet | Found a transporter.
 19837 | Gauntlet | Found a transporter.
 19842 | Gauntlet | Found a runed translucent door.
 19844 | Gauntlet | Found a runed translucent door.
 19847 | Gauntlet | Found a transporter.
 19850 | Gauntlet | Found a transporter.
 19869 | Gauntlet | Found a transporter.
 19875 | Gauntlet | Found a runed translucent gate.
 19876 | Gauntlet | Found a transporter.
 19876 | Gauntlet | Found a runed translucent gate.
 19877 | Gauntlet | Found a runed translucent gate.
 19889 | Gauntlet | Found a transporter.
 19901 | Gauntlet | Found a transporter.
 19906 | Gauntlet | Found a transporter.
 19906 | Gauntlet | Found a transporter.
 19933 | Gauntlet | Found the +4 robe of Folly {Brilliance Will-∞ Int+8}
 19934 | Gauntlet | Found a transporter.
 19934 | Gauntlet | Found a transporter.
 19987 | Gauntlet | Found a transporter.
 20003 | Gauntlet | Found a runed translucent door.
 20478 | Gauntlet | Identified the ring of Qerudwa {Fly rElec Int-4 Dex+5}
 20927 | D:12     | Reached skill level 18 in Unarmed Combat
 21967 | D:13     | Reached XP level 16. HP: 116/162 MP: 15/15
 22238 | D:14     | Reached skill level 19 in Unarmed Combat
 23123 | D:14     | Found a gate to the Vaults.
 23150 | D:14     | Reached skill level 20 in Unarmed Combat
 23200 | D:15     | Entered Level 15 of the Dungeon
 23516 | D:14     | Found a gate to the Vaults.
 24311 | D:15     | Found Alafed's Weapon Boutique.
 24331 | D:15     | Found a staircase to the Depths.
 24399 | D:15     | Found Fotaid's Jewellery Emporium.
 24463 | D:15     | Found Fanoib's Jewellery Emporium.
 24658 | D:15     | Found Urouqur's Weapon Shoppe.
 24994 | D:5      | Bought a ring of poison resistance for 240 gold pieces
 25202 | Spider:1 | Entered Level 1 of the Spider Nest
 25223 | Spider:1 | Noticed Asterion
 25235 | Spider:1 | Killed Asterion
 25401 | Spider:1 | Noticed Josephine
 25411 | Spider:1 | Killed Josephine
 25451 | Spider:1 | Noticed Kirke
 25672 | Spider:1 | Noticed a sphinx
 25845 | Spider:1 | Killed Kirke
 25846 | Spider:1 | Reached skill level 21 in Unarmed Combat
 27189 | Spider:2 | Reached XP level 17. HP: 135/175 MP: 16/16
 28480 | Spider:2 | Reached skill level 1 in Earth Magic
 28592 | Spider:3 | Reached skill level 1 in Transmutations
 28661 | Spider:3 | Reached skill level 1 in Spellcasting
 29149 | Spider:3 | Acquired a manual of Shields
 29329 | Spider:3 | Learned a level 6 spell: Statue Form
 29658 | Swamp:1  | Entered Level 1 of the Swamp
 29685 | Swamp:1  | You are sucked into a shaft and drop 1 floor!
 30578 | Swamp:1  | Killed from afar by a will-o-the-wisp

Illustrated notes

Levels and vault maps discovered:
D:1:      grunt_arrival_crossed_arrows, layout_rooms,
          nicolae_ecumenical_snake_handling, chequers_hall_statues_y
D:2:      layout_loops_ring, serial_shops, nicolae_shop_stone
D:3:      layout_basic
D:4:      due_chaos_kobolds, layout_layer_cave, grunt_temple_overflow_open,
          temple_fountains, biasface_ghost_orc_armoury,
          minmay_fractal_squares_gapless_5
D:5:      layout_basic, serial_shops, nicolae_shop_crystal,
          nicolae_ossuary_entry_giza, uniq_ijyb, uniq_blork_the_orc,
          uniq_eustachio, uniq_pikel
D:6:      layout_loops_ring, glass_columns_a, nrook_mini_vaults,
          minmay_misc_feat_columns, nicolae_alphabet_shops,
          nicolae_shop_firing_range, uniq_edmund, uniq_sigmund
D:7:      layout_basic, gammafunk_ghost_cemetery, minmay_misc_feat_plants
D:8:      layout_basic, zin_academy, elyvilon_altar_5,
          hangedman_decor_slide_cut, uniq_psyche
D:9:      layout_roguey, mainiacjoe_overflow_six_doors_small,
          grunt_lair_entry_orc_guard_hut, corexii_checkpoint_b
D:10:     cheibrodos_fzero, layout_layer_cave
D:11:     layout_basic, zombieorc2_lemuel, serial_shops, nicolae_square_shop,
          uniq_sonja, uniq_erolcha, uniq_gastronok
D:12:     layout_basic, gauntlet_entry_generic, serial_demonic,
          serial_demonic_f, serial_demonic_a, serial_demonic_g, serial_demonic_f
D:13:     layout_roguey, lightli_fourway_metalbox
D:14:     layout_roguey, hangedman_vaults_entry_quadrant_bands,
          serial_bayou_pond_e
D:15:     hangedman_depths_entry_civil_slaughter, layout_gridville,
          nicolae_eternal_life, serial_shops, nicolae_shop_statue_plus, shop,
          nicolae_shop_advertising_works [nicolae_subvault_shop_adworks], shop
Temple:   sentei_temple_godly_chess
Lair:1:   layout_small_grid, cheibrodos_lair_lostbears, grunt_megastairs_4
Lair:2:   layout_gridlike, swamp_mist, spider_nest_entry_web_field,
          gammafunk_ghost_abyssal_escape
Lair:3:   layout_hall_layers, portal_ice_cave_entry_animals_and_master
Lair:4:   layout_hall_layers, kennysheep_abandoned_house
Lair:5:   due_jungle_book, layout_gridlike, slime_entry_1,
          infiniplex_staircase_pool, grunt_megastairs_5
Swamp:1:  layout_basic_swamp, evilmike_swamp_ruin_house_5
Swamp:2:  layout_basic_swamp, hangedman_swamp_lotus, swamp_pool5, uniq_roxanne
Spider:1: layout_cave_pods, uniq_kirke, uniq_asterion, uniq_josephine
Spider:2: layout_spider_delve
Spider:3: layout_spider_delve, hellmonk_deceptive_appearances

Skill      XL: |  1  2  3  4  5  6  7  8  9 10 11 12 13 14 15 16 17 |
---------------+----------------------------------------------------+-----
Shields        | 3 4 6 7 8 9 10 11 12 13 | 13.3
Unarmed Combat | 3 4 5 6 8 10 12 13 14 16 18 21 | 21.2
Fighting       | 3 4 5 6 7 8 9 10 11 12 13 | 13.3
Dodging        | 4 7 9 10 | 10.1
Earth Magic    | 3 |  3.2
Transmutations | 2 |  2.6
Spellcasting   | 2 |  2.1

Action                   |  1- 3 |  4- 6 |  7- 9 | 10-12 | 13-15 | 16-18 || total
-------------------------+-------+-------+-------+-------+-------+-------++-------
Melee: Unarmed           |   120 |    90 |   371 |   630 |  1004 |   835 ||  3050
Throw: Dart              |       |       |     1 |     2 |       |     7 ||    10
Invok: Lunge             |       |     2 |    23 |    60 |   114 |    59 ||   258
       Whirlwind         |       |       |     2 |    99 |   137 |    96 ||   334
       Serpent's Lash    |       |       |       |     3 |     5 |     5 ||    13
Evoke: Wand              |       |       |       |     4 |     8 |     2 ||    14
       Lightning rod     |       |       |       |     3 |     7 |       ||    10
       Phial of floods   |       |       |       |       |       |     1 ||     1
  Use: Scroll            |       |     7 |       |     9 |    15 |    11 ||    42
       Potion            |       |     1 |       |     1 |     3 |     1 ||     6
 Stab: Sleeping          |     1 |       |       |     1 |     2 |     1 ||     5
       Distracted        |       |       |       |     1 |     1 |       ||     2
       Invisible         |       |       |       |       |       |     2 ||     2
Armor: Robe              |    45 |    16 |    39 |       |       |       ||   100
       Steam dragon scal |       |       |    39 |   110 |       |       ||   149
       Animal skin       |       |       |       |    15 |   164 |   140 ||   319
       Skin              |       |       |       |       |    11 |       ||    11
Dodge: Dodged            |    35 |    20 |   108 |   183 |   339 |   316 ||  1001
Block: Kite shield       |    45 |    38 |   139 |   219 |   369 |   314 ||  1124
